 Dungeon Crawl Stone Soup version 0.30-a0-118-ga018f8e90f (webtiles) character file.

Game seed: 10325152727619172229

72 porpoise the Ducker (level 4, -2/34 HPs)
             Began as a Demonspawn Gladiator on Sept 14, 2022.
             Slain by a gnoll
             ... wielding a +0 club
              (7 damage)
             ... on level 2 of the Dungeon.
             The game lasted 00:03:07 (1438 turns).

porpoise the Ducker (Demonspawn Gladiator)          Turns: 1438, Time: 00:03:08

Health: -2/34      AC: 10    Str: 15 (17) XL:     4   Next: 6%
Magic:  4/4        EV: 12    Int:  8 (9)  God:
Gold:   112        SH:  0    Dex: 13 (14) Spells: 3/3 levels left

rFire   . . .      SeeInvis .    a - +0 trident
rCold   . . .      Faith    .    (no shield)
rNeg    . . .      Spirit   .    s - +3 leather armour
rPois   .          Reflect  .    c - +0 helmet
rElec   .          Harm     .    (no cloak)
rCorr   .          Rampage  .    (no gloves)
Will    .....                    i - +0 pair of boots
Stlth   +.........               (no amulet)
HPRegen 0.11/turn                (no ring)
MPRegen 0.09/turn                (no ring)

@: no status effects
A: molten scales 1
a: no special abilities


You were on level 2 of the Dungeon.
You visited 1 branch of the dungeon, and saw 2 of its levels.

You collected 112 gold pieces.

Inventory:

Hand Weapons
 a - a +0 trident (weapon)
Missiles
 d - a throwing net (quivered)
 e - a javelin
 n - 2 datura-tipped darts
Armour
 c - a +0 helmet (worn)
 i - a +0 pair of boots (worn)
 s - a +3 leather armour (worn)
Jewellery
 h - an amulet of magic regeneration
 r - an amulet of faith
Scrolls
 g - 3 scrolls of teleportation {unknown}
 j - a scroll of identify {unknown}
 l - 3 scrolls of enchant weapon {unknown}
 m - a scroll of fear {unknown}
 o - a scroll of magic mapping {unknown}
 p - a scroll of vulnerability {unknown}
Potions
 k - 2 potions of curing
 q - a potion of flight {unknown}


   Skills:
 + Level 2.7 Fighting
 + Level 3.2 Polearms
 + Level 2.4 Throwing
 + Level 3.2 Dodging


You had 3 spell levels left.
You didn't know any spells.
Your spell library contained the following spells:

 Spells                   Type           Power      Damage    Failure   Level
 Beastly Appendage        Tmut           0%         N/A       47%         1
 Foxfire                  Conj/Fire      0%         2x1d4     47%         1
 Wereblood                Tmut           0%         N/A       63%         2
 Inner Flame              Hex/Fire       0%         N/A       85%         3
 Kindle Blastsparks       Fire/Tloc/Air  0%         2d10      85%         3
 Spider Form              Tmut/Pois      0%         N/A       85%         3
 Flame Wave               Conj/Fire      0%         2d4       99%         4


Dungeon Overview and Level Annotations

Branches:
Dungeon (2/15)

Altars:

Annotations:
D:2 Sigmund


Innate Abilities, Weirdness & Mutations

You are partially covered in molten scales. (AC +2)


Message History

The gnoll is moderately wounded.
The gnoll misses you. Something hits you!
You hit the gnoll.
The gnoll is moderately wounded.
The gnoll hits you with a +0 club.
You hit the gnoll.
The gnoll is severely wounded.
The gnoll hits you but does no damage. Something hits you.
* * * LOW HITPOINT WARNING * * *
You feel much better. The gnoll barely misses you. Something barely misses you.
You hit the gnoll but do no damage.
The gnoll is severely wounded.
The gnoll hits you but does no damage. The gnoll hits you with a +0 club.
Something hits you but does no damage.
You barely miss the gnoll.
The gnoll is severely wounded.
The gnoll closely misses you.
You puncture the gnoll!
You kill the gnoll!
Something hits you!
You have reached level 4!
You feel stronger.
You puncture the gnoll!
The gnoll is heavily wounded.
Something hits you but does no damage. The gnoll misses you.
You closely miss the gnoll.
The gnoll is heavily wounded.
The gnoll hits you with a +0 club. Something hits you!
* * * LOW HITPOINT WARNING * * *
You closely miss the gnoll.
The gnoll is heavily wounded.
The gnoll closely misses you.
It was a potion of curing.
You feel better. The gnoll closely misses you. Something hits you!
* * * LOW HITPOINT WARNING * * *
It was a potion of degeneration.
There was something very wrong with that liquid.
You feel weakened.
You feel dopey.
You feel clumsy. The gnoll hits you with a +0 club!
You die...

###.#####.......<
........†........
...#........#...
#........####
########.......##...
#......†.......##...
.
#.........#######...
....#.........# #)..
#(.{g@....[.# #...
##..######### #...
#... #### #.. ##


You could see a gnoll.

Vanquished Creatures
  2 gnolls (D:2)
  2 adders (D:2)
  A worm (D:2)
  A dart slug (D:1)
  3 endoplasms
  A giant cockroach (D:1)
  2 goblins (D:1)
  4 hobgoblins (D:1)
  2 quokkas (D:2)
  4 ball pythons
  4 bats
  2 frilled lizards (D:1)
  3 kobolds (D:1)
31 creatures vanquished.

Vanquished Creatures (others)
  A fungus (D:2)
  A plant (D:1)
2 creatures vanquished.

Grand Total: 33 creatures vanquished

Notes
Turn   | Place    | Note
-------+----------+-------------------------------------------
     0 | D:1      | porpoise the Demonspawn Gladiator began the quest for the
                  | Orb.
     0 | D:1      | Reached XP level 1. HP: 16/16 MP: 1/1
    77 | D:1      | Gained mutation: You are partially covered in molten
                  | scales. (AC +2) [demonic ancestry]
    77 | D:1      | Reached XP level 2. HP: 19/22 MP: 2/2
  1250 | D:2      | Reached XP level 3. HP: 28/28 MP: 3/3
  1251 | D:2      | Found a faded altar of an unknown god.
  1409 | D:2      | Noticed Sigmund
  1434 | D:2      | Reached XP level 4. HP: 19/34 MP: 4/4
  1438 | D:2      | Slain by a gnoll

Illustrated notes

Levels and vault maps discovered:
D:1:      eino_arrival_druids_welcome, layout_basic, minmay_misc_feat_pillars,
          minmay_unequal
D:2:      layout_basic, shapermc_ecumenical_altar_mp_ritualfount,
          uniq_crazy_yiuf_cottage, uniq_sigmund

Skill      XL: |  1  2 |
---------------+-------+-----
Throwing       | 2 |  2.4
Dodging        | 3 |  3.2
Polearms       | 3 |  3.2
Fighting       | |  2.7

Action                   |  1- 3 |  4- 6 || total
-------------------------+-------+-------++-------
Melee: Trident           |   112 |     3 ||   115
       Punch             |     3 |       ||     3
Throw: Throwing net      |     2 |       ||     2
  Use: Potion            |     2 |     2 ||     4
 Stab: Sleeping          |     1 |       ||     1
Armor: Leather armour    |    41 |     1 ||    42
Dodge: Dodged            |    58 |     3 ||    61

Table legend: (Time is in decaauts)
 A = Elapsed time spent in this place.
 B = Non-inter-level travel time spent in this place.
 C = Inter-level travel time spent in this place.
 D = Time resting spent in this place.
 E = Time spent auto-exploring this place.
 F = Levels seen in this place.
 G = Mean time per level.
                   A        B        C        D        E       F      G
               +--------+--------+--------+--------+--------+-----+--------+
         Total |   1456 |   1432 |     24 |    106 |   1019 |   2 |  728.0 |
       Dungeon |   1456 |   1432 |     24 |    106 |   1019 |   2 |  728.0 |
               +--------+--------+--------+--------+--------+-----+--------+

Top non-repeatable levels by time:
     D:1: 1179 daAuts
     D:2: 276 daAuts
